 Dungeon Sprint DCSS version 0.24-a0-536-gdd4cf15 (webtiles) character file.

Game seed: 7771090608905477617

1754 Faca the Merchant of Misery (level 9, -14/72 HPs)
             Began as a Gnoll Necromancer on Aug 12, 2019.
             Was a Believer of Kikubaaqudgha.
             Demolished by a merfolk
             ... wielding a +0 trident
              (24 damage)
             ... in the Dungeon (Sprint V: "Ziggurat Sprint").
             The game lasted 00:08:10 (471 turns).

Faca the Merchant of Misery (Gnoll Necromancer)      Turns: 471, Time: 00:08:12

Health: -14/72     AC:  5    Str: 12    XL:     9   Next: 6%
Magic:  23/27      EV: 19    Int: 32    God:    Kikubaaqudgha [**....]
Gold:   0          SH:  0    Dex: 21    Spells: 24/25 levels left

rFire    + . .     SeeInvis .   I - +6 Majin-Bo {vamp, Archmagi MP+6 Int+6}
rCold    + . .     Gourm    .   (shield currently unavailable)
rNeg     + . .     Faith    .   a - +0 robe
rPois    .         Spirit   .   (no helmet)
rElec    .         Reflect  .   O - scarf {rC+ rF+}
rCorr    .         Harm     .   P - +2 pair of gloves of the Battered Wars {rN+}
MR       .....     NoTele   +   (no boots)
Stlth    ++++......             (no amulet)
HPRegen  0.22/turn              C - +6 ring of dexterity
MPRegen  0.20/turn              D - +6 ring of intelligence

@: no status effects
A: distributed training, fangs 1, strong nose
a: Receive Corpses, Renounce Religion


You were in the Dungeon.
You worshipped Kikubaaqudgha.
Kikubaaqudgha was pleased with you.
You were not hungry.

You visited 1 branch

Inventory:

Hand Weapons
 I - the +6 Majin-Bo (weapon) {vamp, Archmagi MP+6 Int+6}
   (You found it in the Dungeon)

   It inflicts no extra harm, but heals its wielder when it wounds a living foe.
   It affects your intelligence (+6).
   It affects your magic capacity (+6).
 K - a +5 fustibalus
 L - a +5 demon trident
 M - a +5 dagger
 N - a +5 quick blade
Missiles
 J - 1000 sling bullets
Armour
 a - a +0 robe (worn)
 b - +5 shadow dragon scales
 j - a +3 shield
 n - a +3 large shield
 O - a scarf of resistance (worn)
 P - the +2 pair of gloves of the Battered Wars (worn) {rN+}
   (You found it in the Dungeon)

   It protects you from negative energy.
Magical Staves
 z - an uncursed staff of energy
Jewellery
 A - an uncursed ring of flight
 B - a +6 ring of dexterity
 C - a +6 ring of dexterity (left hand)
 D - a +6 ring of intelligence (right hand)
 E - a +6 ring of intelligence
 F - a +6 ring of strength
 G - a +6 ring of strength
Wands
 w - a wand of disintegration (4)
 y - a wand of acid (4)
Scrolls
 i - 4 scrolls of blinking
 q - 4 scrolls of amnesia
 r - 7 scrolls of fog
 s - a scroll of holy word
 t - 5 scrolls of identify
 u - 5 scrolls of remove curse
 v - 2 scrolls of fear
Potions
 d - 10 potions of curing
 e - 10 potions of heal wounds
 f - 6 potions of haste
 g - 7 potions of magic
 h - 3 potions of berserk rage
 k - 2 potions of brilliance
 l - 2 potions of invisibility
 m - 4 potions of resistance
 o - 5 potions of agility
 p - 5 potions of might
Miscellaneous
 H - a lightning rod (4/4)
Comestibles
 c - 7 rations


   Skills:
 + Level 7.1 Fighting
 + Level 7.1 Short Blades
 + Level 7.1 Long Blades
 + Level 7.1 Axes
 + Level 7.1 Maces & Flails
 + Level 7.1 Polearms
 + Level 7.1 Staves
 + Level 7.1 Slings
 + Level 7.1 Bows
 + Level 7.1 Crossbows
 + Level 7.1 Throwing
 + Level 7.1 Armour
 + Level 8.5 Dodging
 + Level 8.3 Stealth
 + Level 7.1 Shields
 + Level 7.1 Unarmed Combat
 + Level 8.8 Spellcasting
 + Level 5.9 Conjurations
 + Level 5.9 Hexes
 + Level 5.9 Charms
 + Level 5.9 Summonings
 + Level 9.3 Necromancy
 + Level 5.9 Translocations
 + Level 5.9 Transmutations
 + Level 5.9 Fire Magic
 + Level 5.9 Ice Magic
 + Level 5.9 Air Magic
 + Level 5.9 Earth Magic
 + Level 5.9 Poison Magic
 + Level 7.7 Invocations
 + Level 7.1 Evocations


You had 24 spell levels left.
You knew the following spells:

 Your Spells              Type           Power        Failure   Level  Hunger
a - Pain                  Necr           ####         1%          1    None

Your spell library contained the following spells:

 Spells                   Type           Power        Failure   Level  Hunger
 Animate Skeleton         Necr           N/A          1%          1    None
 Corpse Rot               Necr           N/A          1%          2    None
 Sublimation of Blood     Necr           #######...   1%          2    None
 Regeneration             Chrm/Necr      #######...   1%          3    None
 Vampiric Draining        Necr           #######...   1%          3    None
 Animate Dead             Necr           N/A          1%          4    None


Dungeon Overview and Level Annotations

Branches:
Dungeon (1/1)

Altars:
Ashenzari
Cheibriados
Dithmenos
Elyvilon
Fedhas
Gozag
Hepliaklqana
Kikubaaqudgha
Makhleb
Nemelex Xobeh
Okawaru
Qazlal
Ru
Sif Muna
Trog
Uskayaw
Vehumet
Wu Jian
Xom
Yredelemnul
Zin
The Shining One
Beogh
Jiyva
Lugonu

Annotations:
D 1 transporter


Innate Abilities, Weirdness & Mutations

Your experience applies equally to all skills.
You have very sharp teeth.
Your uncanny sense of smell can sniff out nearby items.


Message History

You feel a surge of power!
The merfolk writhes in agony.
The merfolk closely misses you.
The merfolk hits you from afar with a +0 trident!
The merfolk barely misses you. The merfolk hits you with a +0 trident!
* * * LOW HITPOINT WARNING * * *
The merfolk barely misses you. The merfolk hits you with a +0 trident!
* * * LOW HITPOINT WARNING * * *
You hit the merfolk.
You feel better.
The merfolk is severely wounded.
The merfolk hits you with a +0 trident!
* * * LOW HITPOINT WARNING * * *
The merfolk misses you.
You sock the merfolk!
You feel better.
The merfolk is almost dead.
The merfolk hits you with a +0 trident.
* * * LOW HITPOINT WARNING * * *
The merfolk hits you with a +0 trident!!
You die...
Kikubaaqudgha rasps: "You have failed me!
Welcome... death!"

▓▓▓▓▓▓▓▓▓▓▓▓▓▓▓▓▓▓▓
▓.8©8.▓.8©8.▓.8©8.▓
∆
▓...[.▓.}}..▓.....▓
∆
▓..:..▓.)...▓...}.▓
▓.....▓.....▓.....▓
▓.mmm.▓.....▓.....▓
▓..@..▓...).▓..©..▓
▓..©..▓..©..▓▓▓▓▓▓▓
▓▓▓▓▓▓▓▓▓▓▓▓▓ ∆∆∆
∆∆∆ ∆ ∆ ∆ ∆


You could see 3 merfolk.

Vanquished Creatures
  A deep elf annihilator (D)
  A deep elf mage (D)
  A merfolk (D)
  A water elemental (D)
  A phantom (D)
  An adder zombie (D)
6 creatures vanquished.

Notes
Turn   | Place    | Note
-------+----------+-------------------------------------------
     0 | D        | Faca the Gnoll Necromancer began the quest for the Orb.
     0 | D        | Reached XP level 1. HP: 13/13 MP: 6/6
     3 | D        | Found a blossoming altar of Fedhas.
     4 | D        | Found the +6 Majin-Bo {vamp, Archmagi MP+6 Int+6}
     4 | D        | Found the +7 great mace "Firestarter" {inner flame, rF++}
     7 | D        | Found a shimmering blue altar of Sif Muna.
     7 | D        | Found a sacrificial altar of Ru.
     7 | D        | Found a bloodstained altar of Trog.
     7 | D        | Found a stormy altar of Qazlal.
     7 | D        | Found an iron altar of Okawaru.
     7 | D        | Found a sparkling altar of Nemelex Xobeh.
     9 | D        | Found a transporter.
     9 | D        | Found an ancient bone altar of Kikubaaqudgha.
     9 | D        | Found a viscous altar of Jiyva.
     9 | D        | Found a corrupted altar of Lugonu.
     9 | D        | Found a hazy altar of Hepliaklqana.
     9 | D        | Found a burning altar of Makhleb.
     9 | D        | Found an opulent altar of Gozag.
    27 | D        | Found the +6 shillelagh "Devastator" {shatter}
    27 | D        | Found the +11 plutonium sword {*Contam Stlth-}
    27 | D        | Found the +8 lance "Wyrmbane" {slay drac, rPois rF+ rC+
                  | AC+3}
    27 | D        | Found the +9 sword of Zonguldrok {reap}
    27 | D        | Found the cursed +13 scythe of Curses {drain, *Curse}
    27 | D        | Found the +0 sword of Power
    27 | D        | Found the +7 mace of Variability {chain chaos}
    27 | D        | Found the +7 Singing Sword {slice, sonic wave}
    27 | D        | Found the +8 storm bow {elec, penet}
    28 | D        | Found the +9 heavy crossbow "Sniper" {velocity, Acc+∞ SInv}
    28 | D        | Found the +10 dark maul {crush}
    28 | D        | Found the +15 Maxwell's patent armour {-Cast -Tele rElec
                  | MR+ rCorr}
    28 | D        | Found the +18 shield of the Gong {rElec rN+ MR+ EV-5}
    28 | D        | Found the cursed +14 obsidian axe {chop, +Fly SInv *Curse}
    58 | D        | Reached skill level 5 in Dodging
    58 | D        | Reached skill level 5 in Spellcasting
    58 | D        | Reached skill level 1 in Conjurations
    58 | D        | Reached skill level 1 in Hexes
    58 | D        | Reached skill level 1 in Charms
    58 | D        | Reached skill level 1 in Summonings
    58 | D        | Reached skill level 1 in Translocations
    58 | D        | Reached skill level 1 in Transmutations
    58 | D        | Reached skill level 1 in Fire Magic
    58 | D        | Reached skill level 1 in Ice Magic
    58 | D        | Reached skill level 1 in Air Magic
    58 | D        | Reached skill level 1 in Earth Magic
    58 | D        | Reached skill level 1 in Poison Magic
    58 | D        | Reached XP level 2. HP: 22/22 MP: 6/8
    90 | D        | Became a worshipper of Kikubaaqudgha
   118 | D        | Entered arena 2.
   118 | D        | Noticed a phantom
   118 | D        | Found a transporter.
   131 | D        | Killed a phantom
   131 | D        | Reached skill level 5 in Stealth
   131 | D        | Reached XP level 3. HP: 28/29 MP: 10/10
   131 | D        | Reached XP level 4. HP: 34/35 MP: 12/12
   150 | D        | Entered arena 3.
   150 | D        | Noticed a deep elf annihilator
   150 | D        | Noticed a deep elf mage
   150 | D        | Noticed a water elemental
   150 | D        | Found a transporter.
   154 | D        | Killed a water elemental
   154 | D        | Reached * piety under Kikubaaqudgha
   154 | D        | Identified Kikubaaqudgha's Almanac of Sinister Arts
                  | (Kikubaaqudgha gifted it to you in the Dungeon)
   154 | D        | Received a gift from Kikubaaqudgha
   154 | D        | Reached skill level 8 in Necromancy
   154 | D        | Reached XP level 5. HP: 41/43 MP: 14/14
   154 | D        | Reached XP level 6. HP: 47/49 MP: 15/15
   156 | D        | Killed a deep elf mage
   156 | D        | Reached skill level 5 in Fighting
   156 | D        | Reached skill level 5 in Short Blades
   156 | D        | Reached skill level 5 in Long Blades
   156 | D        | Reached skill level 5 in Axes
   156 | D        | Reached skill level 5 in Maces & Flails
   156 | D        | Reached skill level 5 in Polearms
   156 | D        | Reached skill level 5 in Staves
   156 | D        | Reached skill level 5 in Slings
   156 | D        | Reached skill level 5 in Bows
   156 | D        | Reached skill level 5 in Crossbows
   156 | D        | Reached skill level 5 in Throwing
   156 | D        | Reached skill level 5 in Armour
   156 | D        | Reached skill level 5 in Shields
   156 | D        | Reached skill level 5 in Unarmed Combat
   156 | D        | Reached skill level 5 in Evocations
   156 | D        | Reached XP level 7. HP: 4/57 MP: 18/18
   158 | D        | Killed a deep elf annihilator
   158 | D        | Reached ** piety under Kikubaaqudgha
   158 | D        | Reached skill level 5 in Conjurations
   158 | D        | Reached skill level 5 in Hexes
   158 | D        | Reached skill level 5 in Charms
   158 | D        | Reached skill level 5 in Summonings
   158 | D        | Reached skill level 9 in Necromancy
   158 | D        | Reached skill level 5 in Translocations
   158 | D        | Reached skill level 5 in Transmutations
   158 | D        | Reached skill level 5 in Fire Magic
   158 | D        | Reached skill level 5 in Ice Magic
   158 | D        | Reached skill level 5 in Air Magic
   158 | D        | Reached skill level 5 in Earth Magic
   158 | D        | Reached skill level 5 in Poison Magic
   158 | D        | Reached XP level 8. HP: 5/65 MP: 20/20
   168 | D        | Got the +2 pair of gloves of the Battered Wars {rN+}
   459 | D        | Entered arena 4.
   459 | D        | Noticed a merfolk
   459 | D        | Noticed a merfolk
   459 | D        | Noticed a merfolk
   459 | D        | Noticed a merfolk
   459 | D        | Found a transporter.
   460 | D        | Identified the +9 hunting sling of Wyrd {freeze, rPois
                  | Dex+3}
   464 | D        | Killed a merfolk
   464 | D        | Reached XP level 9. HP: 59/72 MP: 21/21
   471 | D        | Demolished by a merfolk

Levels and vault maps discovered:
D:        sprint_v [room_start, room_1, room_2, room_3, room_4, room_5, room_6,
          room_7, room_8, room_9, room_10, room_11, room_12, room_13, room_14,
          room_15, room_16, room_17, room_18, room_19, room_20, room_21,
          room_22, room_23, room_24, room_25, room_26, room_27]

Skill      XL: |  1  2  3  4  5  6  7  8 |
---------------+-------------------------+-----
Fighting       | 2 3 4 5 6 7 |  7.1
Short Blades   | 2 3 4 5 6 7 |  7.1
Long Blades    | 2 3 4 5 6 7 |  7.1
Axes           | 2 3 4 5 6 7 |  7.1
Maces & Flails | 2 3 4 5 6 7 |  7.1
Polearms       | 2 3 4 5 6 7 |  7.1
Staves         | 2 3 4 5 6 7 |  7.1
Slings         | 2 3 4 5 6 7 |  7.1
Bows           | 2 3 4 5 6 7 |  7.1
Crossbows      | 2 3 4 5 6 7 |  7.1
Throwing       | 2 3 4 5 6 7 |  7.1
Armour         | 2 3 4 5 6 7 |  7.1
Dodging        | 5 6 7 8 |  8.5
Shields        | 2 3 4 5 6 7 |  7.1
Unarmed Combat | 2 3 4 5 6 7 |  7.1
Spellcasting   | 5 6 7 8 |  8.8
Conjurations   | 1 2 3 4 5 |  5.9
Hexes          | 1 2 3 4 5 |  5.9
Charms         | 1 2 3 4 5 |  5.9
Summonings     | 1 2 3 4 5 |  5.9
Translocations | 1 2 3 4 5 |  5.9
Transmutations | 1 2 3 4 5 |  5.9
Fire Magic     | 1 2 3 4 5 |  5.9
Ice Magic      | 1 2 3 4 5 |  5.9
Air Magic      | 1 2 3 4 5 |  5.9
Earth Magic    | 1 2 3 4 5 |  5.9
Poison Magic   | 1 2 3 4 5 |  5.9
Invocations    | 2 3 4 6 7 |  7.7
Evocations     | 2 3 4 5 6 7 |  7.1
Stealth        | 5 6 7 8 |  8.3
Necromancy     | 8 9 |  9.3

Action                   |  1- 3 |  4- 6 |  7- 9 || total
-------------------------+-------+-------+-------++-------
Melee: Quarterstaff      |     8 |     1 |     2 ||    11
       Bite              |     1 |       |       ||     1
 Cast: Pain              |       |     1 |     5 ||     6
Evoke: Wand              |     2 |     5 |     6 ||    13
  Use: Potion            |     1 |       |       ||     1
Armor: Robe              |     3 |       |     2 ||     5
Dodge: Dodged            |     3 |       |    15 ||    18

Table legend:
 A = Non-vault XP
 B = Vault XP
 C = Vault XP percentage of total XP
 D = Non-vault monster count
 E = Vault monster count
 F = Vault count percentage of total count
                 A         B        C        D         E       F
            +---------+---------+-------+---------+---------+-------
      Total |       0 |    2496 | 100.0 |       0 |       6 | 100.0
            +---------+---------+-------+---------+---------+-------
          D |       0 |    2496 | 100.0 |       0 |       6 | 100.0
            +---------+---------+-------+---------+---------+-------
